 Dungeon Crawl Stone Soup version 0.21.1-1-g345015f (webtiles) character file.

1823 raistware the Thaumaturge (level 8, -7/52 HPs)
             Began as a Mummy Wizard on Apr 27, 2018.
             Was a Priest of Sif Muna.
             Hit by a tomahawk thrown by an orc warrior (15 damage)
             ... on level 7 of the Dungeon.
             The game lasted 00:48:56 (9733 turns).

raistware the Thaumaturge (Mummy Wizard)            Turns: 9733, Time: 00:48:56

Health: -7/52      AC:  2    Str: 11    XL:     8   Next: 85%
Magic:  29/29      EV: 12    Int: 23    God:    Sif Muna [***...]
Gold:   396        SH:  0    Dex: 15    Spells: 7/24 levels left

rFire    x . .     SeeInvis .   m - +3 falchion of the Median {slice, MR+ Int+4 Stlth+}
rCold    + . .     Gourm    .   (no shield)
rNeg     + + +     Faith    .   a - +0 robe
rPois    ∞         Spirit   .   b - +0 hat
rElec    .         Reflect  .   (no cloak)
rCorr    .         Harm     .   (no gloves)
MR       ++...                  (no boots)
Stlth    +++.......             (no amulet)
HPRegen  0.17/turn              g - +5 ring of dexterity
MPRegen  0.21/turn              l - ring of magical power

@: no status effects
A: no food or potions, fire vulnerability, cold resistance 1, negative energy
resistance 3, torment resistance, unbreathing
a: Divine Energy, Channel Magic, Renounce Religion


You were on level 7 of the Dungeon.
You worshipped Sif Muna.
Sif Muna was most pleased with you.
You were not hungry.

You visited 2 branches of the dungeon, and saw 8 of its levels.
You also visited: Ossuary.

You collected 396 gold pieces.

Inventory:

Hand Weapons
 i - a +2 dagger of venom
 m - the +3 falchion of the Median (weapon) {slice, MR+ Int+4 Stlth+}
   (You took it off a gnoll on level 3 of the Dungeon)

   It inflicts extra damage upon your enemies.
   It affects your intelligence (+4).
   It affects your resistance to hostile enchantments.
   It makes you more stealthy.
 o - a +2 dire flail of protection
Armour
 a - a +0 robe (worn)
 b - a +0 hat (worn)
Jewellery
 g - a +5 ring of dexterity (left hand)
 l - a ring of magical power (right hand)
Wands
 k - a wand of disintegration (32)
 n - a wand of polymorph (21)
Scrolls
 d - 8 scrolls of identify
 e - 4 scrolls of fear
 f - 3 scrolls of magic mapping
 h - 3 scrolls of teleportation
 p - a scroll of summoning
Books
 c - a book of Minor Magic

   Spells                             Type                      Level
   a - Magic Dart                     Conjuration                  1
   b - Blink                          Translocation                2
   c - Call Imp                       Summoning                    2
   d - Slow                           Hexes                        2
   e - Conjure Flame                  Conjuration/Fire             3
   f - Mephitic Cloud                 Conjuration/Poison/Air       3
 j - a book of Maledictions

   Spells                             Type                      Level
   a - Corona                         Hexes                        1
   b - Ensorcelled Hibernation        Hexes/Ice                    2
   c - Confuse                        Hexes                        3
   d - Tukima's Dance                 Hexes                        3
   e - Dazzling Spray                 Conjuration/Hexes            3


   Skills:
 - Level 2.0 Dodging
 - Level 2.0 Stealth
 + Level 8.7 Spellcasting
 * Level 7.6 Conjurations
 - Level 1.0 Summonings
 - Level 1.0 Translocations
 - Level 1.0 Air Magic


You had 7 spell levels left.
You knew the following spells:

 Your Spells              Type           Power        Failure   Level  Hunger
a - Magic Dart            Conj           ####         1%          1    N/A
b - Blink                 Tloc           N/A          6%          2    N/A
c - Call Imp              Summ           ##......     6%          2    N/A
d - Conjure Flame         Conj/Fire      ####....     4%          3    N/A
e - Mephitic Cloud        Conj/Pois/Air  ###.....     6%          3    N/A
f - Confuse               Hex            ##......     19%         3    N/A
g - Dazzling Spray        Conj/Hex       ####..       4%          3    N/A

Dungeon Overview and Level Annotations

Branches:
Dungeon (7/15)             Temple (1/1) D:4

Altars:
Cheibriados
Dithmenos
Elyvilon
Fedhas
Gozag
Kikubaaqudgha
Makhleb
Nemelex Xobeh
Sif Muna
Uskayaw
Vehumet
Wu Jian
Xom
Yredelemnul
Zin
The Shining One

Shops:
D:4 }


Innate Abilities, Weirdness & Mutations

You do not eat or drink.
Your flesh is vulnerable to fire.
You are immune to poison.
Your flesh is cold resistant. (rC+)
You are immune to negative energy. (rN+++)
You are immune to unholy pain and torment.
You can survive without breathing.


Message History

You slash something! Something hits you but does no damage.
You hit something. Sif Muna accepts your kill.
Reactivating autopickup.
You feel a bit more experienced.
Things that are here:
a dagger; a robe You now have 396 gold pieces (gained 21).
A jelly comes into view.
An orc warrior comes into view. It is wielding a mace.
The orc warrior throws a tomahawk.
The tomahawk hits you!
Found a golden potion.
You see here a tomahawk.
The orc warrior throws a tomahawk.
The tomahawk hits you!
You see here a tomahawk.
The orc warrior throws a tomahawk.
The tomahawk hits you!!
* * * LOW HITPOINT WARNING * * *
You see here a tomahawk.
The orc warrior throws a tomahawk.
The tomahawk hits you!
You die...

.........)...........
######†#####.....## #.#
#.....# #.# #.....# #.#
#.....#
######.#####.....#######
........................
######.#####.....######.##
.....#.# #....@######..#
####.#.# ######(((..o..#
.....#.# ........J...#....
##...#.# #######.###.# !
.....#.# #.# .# #....#.#
#.# .# #....# #.# .#
...#.# #.# .# #.####.# #.#
.#


You could see an orc warrior and a jelly (wandering).

Vanquished Creatures
  Prince Ribbit (D:6)
  Sigmund (D:6)
  A black bear (D:6)
  3 phantoms
  2 ogres (D:5)
  A centaur (D:5)
  An elf zombie (Ossuary)
  A water moccasin zombie (D:5)
  A crimson imp (D:5)
  2 human zombies (Ossuary)
  A hound (D:6)
  2 orc wizards (D:7)
  2 worker ants
  3 big kobold zombies (Ossuary)
  A hound zombie (D:5)
  3 mummies (Ossuary)
  A worker ant zombie (D:5)
  6 gnolls
  A shadow imp (D:6)
  2 oozes
  An adder skeleton (D:4)
  2 adder zombies
  3 worms
  4 dart slugs
  7 leopard geckos
  3 orcs
  4 giant cockroaches
  12 goblins
  9 hobgoblins
  2 jackals (D:1)
  2 ball pythons (D:5)
  4 bats
  4 frilled lizards
  2 gnoll zombies (Ossuary)
  2 goblin zombies (Ossuary)
  6 hobgoblin zombies (Ossuary)
  6 jackal zombies (Ossuary)
  2 kobolds
  4 kobold zombies (Ossuary)
  A leopard gecko zombie (D:5)
  An orc zombie (Ossuary)
  4 quokka zombies (Ossuary)
  4 rats
  4 rat zombies (Ossuary)
129 creatures vanquished.

Vanquished Creatures (collateral kills)
  Menkaure (D:4)
  Edmund (D:4)
  A howler monkey (D:4)
  A crimson imp (D:5)
  A gnoll shaman (D:4)
  A worker ant (D:4)
  2 gnolls (D:4)
  An adder skeleton (D:4)
  3 worms
  2 hobgoblins (D:3)
  4 jackals
  A goblin (D:4)
  A quokka zombie (Ossuary)
20 creatures vanquished.

Vanquished Creatures (others)
  Robin (D:4)
  A plant (D:6)
2 creatures vanquished.

Grand Total: 151 creatures vanquished

Notes
Turn   | Place    | Note
-------+----------+-------------------------------------------
     0 | D:1      | raistware the Mummy Wizard began the quest for the Orb.
     0 | D:1      | Reached XP level 1. HP: 13/13 MP: 5/5
   126 | D:1      | Reached skill level 1 in Conjurations
   480 | D:1      | Reached XP level 2. HP: 11/19 MP: 0/7
   484 | D:1      | Learned a level 2 spell: Blink
   487 | D:1      | Learned a level 2 spell: Call Imp
  1441 | D:2      | Found a shadowy altar of Dithmenos.
  1518 | D:2      | Reached XP level 3. HP: 16/24 MP: 0/8
  1523 | D:2      | Learned a level 3 spell: Conjure Flame
  2640 | D:3      | Found a glowing golden altar of the Shining One.
  2649 | D:3      | Found a basalt altar of Yredelemnul.
  2815 | D:3      | Reached XP level 4. HP: 30/30 MP: 5/10
  2820 | D:3      | Learned a level 3 spell: Mephitic Cloud
  3222 | D:3      | Noticed an angel
  3230 | D:3      | Noticed a profane servitor
  3300 | D:4      | Noticed Menkaure
  3770 | D:3      | Got a steaming falchion {slice}
  3771 | D:3      | Identified the +3 falchion of the Median {slice, MR+ Int+4 Stlth+} (You took it off a gnoll on level 3 of the Dungeon)
  3829 | D:4      | Noticed Robin
  3833 | D:4      | Killed Robin
  4221 | D:4      | Found a staircase to the Ecumenical Temple.
  4245 | Temple   | Entered the Ecumenical Temple
  4444 | Temple   | Became a worshipper of Sif Muna the Loreminder
  4513 | D:4      | Reached skill level 5 in Spellcasting
  4517 | D:4      | Noticed Edmund
  4522 | D:4      | Reached XP level 5. HP: 18/35 MP: 3/12
  4918 | D:4      | Reached skill level 1 in Summonings
  4918 | D:4      | Reached skill level 1 in Translocations
  5205 | D:4      | Killed Edmund
  5332 | D:4      | Reached skill level 1 in Air Magic
  5488 | D:4      | Found Xijelug's Gadget Shop.
  5530 | D:4      | Killed Menkaure
  5530 | D:4      | Reached XP level 6. HP: 41/41 MP: 5/14
  5615 | D:5      | Entered Level 5 of the Dungeon
  5680 | D:5      | Found a sand-covered staircase.
  5685 | Ossuary  | Entered an ossuary
  5844 | Ossuary  | Reached * piety under Sif Muna
  6399 | Ossuary  | Reached skill level 6 in Spellcasting
  6419 | Ossuary  | Reached XP level 7. HP: 35/46 MP: 3/16
  6787 | D:5      | Reached skill level 5 in Conjurations
  7384 | D:5      | Learned a level 3 spell: Confuse
  7549 | D:5      | Found a radiant altar of Vehumet.
  7604 | D:5      | Reached skill level 7 in Spellcasting
  7758 | D:5      | Reached ** piety under Sif Muna
  7758 | D:5      | Reached XP level 8. HP: 52/52 MP: 9/18
  7933 | D:5      | Learned a level 3 spell: Dazzling Spray
  7977 | D:6      | Found an opulent altar of Gozag.
  7978 | D:6      | Found a glowing silver altar of Zin.
  8099 | D:6      | Noticed Prince Ribbit
  8120 | D:6      | Killed Prince Ribbit
  8462 | D:6      | Noticed Sigmund
  8540 | D:6      | Killed Sigmund
  8540 | D:6      | Reached skill level 8 in Spellcasting
  8677 | D:6      | HP: 1/52 [black bear (5)]
  9208 | D:6      | Found a snail-covered altar of Cheibriados.
  9575 | D:7      | Reached *** piety under Sif Muna
  9733 | D:7      | Hit by a tomahawk thrown by an orc warrior

Skill      XL: |  1  2  3  4  5  6  7  8 |
---------------+-------------------------+-----
Conjurations   | 1 2 3 4 6 7 |  7.6
Stealth        | 2 |  2.0
Dodging        | 2 |  2.0
Spellcasting   | 5 6 7 8 |  8.7
Summonings     | 1 |  1.0
Translocations | 1 |  1.0
Air Magic      | 1 |  1.0

Action                   |  1- 3 |  4- 6 |  7- 9 || total
-------------------------+-------+-------+-------++-------
Melee: Unarmed           |     6 |       |       ||     6
       Dagger            |    13 |       |       ||    13
       Long sword        |       |    62 |       ||    62
       Falchion          |       |     5 |   127 ||   132
 Cast: Magic Dart        |   114 |    67 |    99 ||   280
       Call Imp          |     5 |    46 |    11 ||    62
       Blink             |       |     2 |     3 ||     5
       Mephitic Cloud    |       |     1 |     9 ||    10
       Conjure Flame     |       |    14 |    15 ||    29
       Dazzling Spray    |       |       |     2 ||     2
  Use: Scroll            |       |     8 |     2 ||    10
 Stab: Sleeping          |     2 |     3 |     2 ||     7
       Distracted        |       |     2 |       ||     2
Armor: Robe              |     7 |     8 |    14 ||    29
Dodge: Dodged            |    17 |    55 |    63 ||   135
       Rpst.: Long sword |       |    20 |       ||    20
       Falchion          |       |     2 |    14 ||    16
